 Dungeon Crawl Stone Soup version 0.21.1-1-g345015fe64 (webtiles) character file.

512 Loge the Conjurer (level 6, -8/32 HPs)
             Began as a Deep Elf Fire Elementalist on July 17, 2018.
             Killed from afar by lis82's ghost (30 damage)
             ... with a stone arrow
             ... on level 4 of the Dungeon.
             The game lasted 00:08:13 (3624 turns).

Loge the Conjurer (Deep Elf Fire Elementalist)      Turns: 3624, Time: 00:08:14

Health: -8/32      AC:  2    Str:  5    XL:     6   Next: 99%
Magic:  9/16       EV: 13    Int: 22    God:
Gold:   204        SH:  0    Dex: 15    Spells: 6/16 levels left

rFire    . . .     SeeInvis .   a - +0 dagger
rCold    . . .     Gourm    .   (no shield)
rNeg     . . .     Faith    .   o - +0 robe (curse)
rPois    .         Spirit   .   (no helmet)
rElec    .         Reflect  .   (no cloak)
rCorr    .         Harm     .   (no gloves)
MR       .....                  (no boots)
Stlth    ++........             (no amulet)
HPRegen  0.10/turn              (no ring)
MPRegen  0.15/turn              (no ring)

@: no status effects
A: no striking features
a: no special abilities


You were on level 4 of the Dungeon.
You were hungry.

You visited 1 branch of the dungeon, and saw 4 of its levels.

You collected 204 gold pieces.

Inventory:

Hand Weapons
 a - a +0 dagger (weapon)
Armour
 o - a cursed +0 robe (worn)
Magical Staves
 b - an uncursed staff of air
Jewellery
 u - an uncursed ring of see invisible {unknown}
 y - a +4 amulet of reflection {unknown}
 z - an uncursed amulet of magic regeneration {unknown}
Wands
 m - a wand of iceblast (5)
 q - a wand of digging (13)
Scrolls
 e - 5 scrolls of identify {unknown}
 g - 2 scrolls of teleportation {unknown}
 j - a scroll of magic mapping {unknown}
 n - a scroll of enchant armour {unknown}
 v - 5 scrolls of remove curse {unknown}
 w - a scroll of amnesia {unknown}
 x - a scroll of enchant weapon {unknown}
Potions
 d - a potion of heal wounds {unknown}
 f - a potion of brilliance {unknown}
 h - a potion of agility {unknown}
 i - a potion of mutation {unknown}
 l - 4 potions of curing {unknown}
 p - a potion of berserk rage {unknown}
 r - a potion of haste {unknown}
 s - 2 potions of magic {unknown}
 t - 3 potions of might {unknown}
Books
 k - a book of Flames

   Spells                             Type                      Level
   a - Flame Tongue                   Conjuration/Fire             1
   b - Throw Flame                    Conjuration/Fire             2
   c - Conjure Flame                  Conjuration/Fire             3
   d - Inner Flame                    Hexes/Fire                   3
   e - Sticky Flame                   Conjuration/Fire             4
   f - Fireball                       Conjuration/Fire             5
Comestibles
 c - 5 rations


   Skills:
 - Level 2.4 Dodging
 - Level 2.4 Stealth
 + Level 5.6 Spellcasting
 * Level 5.7 Conjurations
 + Level 5.1 Fire Magic


You had 6 spell levels left.
You knew the following spells:

 Your Spells              Type           Power        Failure   Level  Hunger
a - Flame Tongue          Conj/Fire      ####.        1%          1    None
b - Throw Flame           Conj/Fire      ####..       1%          2    None
c - Conjure Flame         Conj/Fire      ####....     3%          3    ##.....
d - Sticky Flame          Conj/Fire      ####....     10%         4    ####...


Dungeon Overview and Level Annotations

Branches:
Dungeon (4/15)
 Temple: D:4-7

Altars:
Ashenzari
Gozag
Ru
Uskayaw
Xom

Annotations:
D:4 lis82's ghost, amateur GrEE


Message History

The blast of sand misses you.
Casting: Flame Tongue
Confirm with . or Enter, or press ? or * to list all spells.
Aiming: Flame Tongue
Press: ? - help, Shift-Dir - straight line, f/p - lis82's ghost
Aim: lis82's ghost (lightly damaged)
The flame tongue misses lis82's ghost.
Lis82's ghost points at you and mumbles some strange words.
The blast of sand hits you!
Casting: Flame Tongue
Confirm with . or Enter, or press ? or * to list all spells.
Aiming: Flame Tongue
Press: ? - help, Shift-Dir - straight line, f/p - lis82's ghost
Aim: lis82's ghost (lightly damaged)
The flame tongue hits lis82's ghost.
Lis82's ghost is heavily damaged.
Lis82's ghost casts a spell at you. The stone arrow hits you!
Ouch! That really hurt!
You die...

### ..# #. #.# #
#.# #%#.#
..##.###.#.#
....W§.@..$#
(###.###.### #.#
#.# #.###.###.#
###### #.........#
.....########.#####
####..........#
############


You could see lis82's ghost.

Vanquished Creatures
  Menkaure (D:4)
  An ogre (D:4)
  A hound (D:4)
  Ijyb (D:3)
  Natasha (thrice) (D:3)
  3 worker ants (D:4)
  4 adders
  2 worms
  2 dart slugs (D:2)
  2 leopard geckos (D:2)
  An orc (D:2)
  2 giant cockroaches (D:1)
  11 goblins
  5 hobgoblins
  2 jackals (D:4)
  5 kobolds
  A quokka (D:4)
  7 bats
  3 frilled lizards
  3 rats
60 creatures vanquished.

Notes
Turn   | Place    | Note
-------+----------+-------------------------------------------
     0 | D:1      | Loge the Deep Elf Fire Elementalist began the quest for the Orb.
     0 | D:1      | Reached XP level 1. HP: 10/10 MP: 6/6
   249 | D:1      | Reached XP level 2. HP: 15/15 MP: 5/8
   432 | D:1      | Learned a level 2 spell: Throw Flame
   775 | D:2      | Reached XP level 3. HP: 19/19 MP: 2/10
  1180 | D:2      | Learned a level 3 spell: Conjure Flame
  1587 | D:2      | Reached XP level 4. HP: 24/24 MP: 8/11
  1705 | D:3      | Noticed Natasha
  1708 | D:3      | Killed Natasha
  1762 | D:3      | Learned a level 4 spell: Sticky Flame
  1813 | D:3      | Found a shattered altar of Ashenzari.
  1814 | D:3      | Found a hide-covered altar of Uskayaw.
  1818 | D:3      | Found an opulent altar of Gozag.
  1842 | D:3      | Noticed Ijyb
  1853 | D:3      | Killed Ijyb
  1880 | D:3      | Noticed Natasha
  1956 | D:3      | Found a shimmering altar of Xom.
  2104 | D:3      | Reached XP level 5. HP: 28/28 MP: 11/13
  2134 | D:3      | Found a faded altar of an unknown god.
  2208 | D:3      | Killed Natasha
  2483 | D:3      | Found a faded altar of an unknown god.
  2685 | D:3      | Found a shattered altar of Ashenzari.
  2686 | D:3      | Found a hide-covered altar of Uskayaw.
  2690 | D:3      | Found an opulent altar of Gozag.
  2717 | D:3      | Found a shimmering altar of Xom.
  2750 | D:3      | Noticed Natasha
  2751 | D:3      | Killed Natasha
  2847 | D:4      | Noticed Menkaure
  2856 | D:4      | Killed Menkaure
  2856 | D:4      | Reached skill level 5 in Spellcasting
  2856 | D:4      | Reached XP level 6. HP: 32/32 MP: 3/15
  2969 | D:4      | Reached skill level 5 in Conjurations
  3051 | D:4      | Reached skill level 5 in Fire Magic
  3438 | D:4      | Found a sacrificial altar of Ru.
  3619 | D:4      | Noticed lis82's ghost (amateur GrEE)
  3624 | D:4      | Killed from afar by lis82's ghost

Skill      XL: |  1  2  3  4  5  6 |
---------------+-------------------+-----
Conjurations   | 2 3 4 5 |  5.7
Spellcasting   | 4 5 |  5.6
Fire Magic     | 4 5 |  5.1
Dodging        | |  2.4
Stealth        | |  2.4

Action                   |  1- 3 |  4- 6 || total
-------------------------+-------+-------++-------
Melee: Unarmed           |     1 |       ||     1
 Cast: Flame Tongue      |    53 |    72 ||   125
       Throw Flame       |     8 |     9 ||    17
       Conjure Flame     |     1 |     7 ||     8
 Stab: Sleeping          |     1 |       ||     1
  Eat: Chunk             |     2 |     6 ||     8
Armor: Robe              |     4 |       ||     4
Dodge: Dodged            |    10 |     9 ||    19
